 Dungeon Crawl Stone Soup version 0.20-a0-350-ga83eecc (webtiles) character file.

1058 kr4n3x the Destroyer (level 8, -6/42 HPs)
             Began as a Deep Elf Conjurer on Dec 23, 2016.
             Was an Initiate of Vehumet.
             Shot with an arrow by a centaur (13 damage)
             ... on level 7 of the Dungeon.
             The game lasted 00:17:03 (4993 turns).

kr4n3x the Destroyer (Deep Elf Conjurer)            Turns: 4993, Time: 00:17:03

Health: -6/42      AC:  7    Str:  5    XL:     8   Next: 6%
Magic:  3/19       EV: 13    Int: 23    God:    Vehumet [......]
Gold:   414        SH:  0    Dex: 15    Spells: 3/19 levels left

rFire  . . .     SeeInvis .     h - +1 short sword
rCold  . . .     Gourm    .     a - +1 robe
rNeg   . . .     Faith    .     (no shield)
rPois  .         Spirit   .     C - +0 helmet
rElec  .         Reflect  .     (no cloak)
rCorr  .         Harm     .     m - +2 pair of gloves
MR     .....                    (no boots)
Stlth  ++........               (no amulet)
                                (no ring)
                                (no ring)

@: very slightly contaminated
A: no striking features
a: Renounce Religion


You were on level 7 of the Dungeon.
You worshipped Vehumet.
Vehumet was noncommittal.
You were not hungry.

You visited 2 branches of the dungeon, and saw 8 of its levels.

You collected 414 gold pieces.

Inventory:

Hand Weapons
 h - a +1 short sword (weapon)
Armour
 a - a +1 robe (worn)
 m - a +2 pair of gloves (worn)
 C - a +0 helmet (worn)
Jewellery
 s - an uncursed ring of magical power {unknown}
Wands
 w - a wand of confusion (25/48)
 y - a wand of disintegration (15/24)
Scrolls
 f - a scroll of teleportation
 i - a scroll of blinking
 n - a scroll of fog
 r - a scroll of identify
 v - 4 scrolls of remove curse
 x - 2 scrolls of fear
Potions
 d - 2 potions of curing
 e - a potion of berserk rage {unknown}
 g - a potion of heal wounds
 j - a potion of brilliance
 l - 2 potions of invisibility
 p - a potion of ambrosia
 t - 2 potions of lignification
 A - a potion of agility {unknown}
 B - a potion of haste {unknown}
Books
 b - a book of Conjurations

   Spells                             Type                      Level
   a - Magic Dart                     Conjuration                  1
   b - Searing Ray                    Conjuration                  2
   c - Dazzling Spray                 Conjuration/Hexes            3
   d - Fulminant Prism                Conjuration/Hexes            4
   e - Iskenderun's Mystic Blast      Conjuration                  4
   f - Iskenderun's Battlesphere      Conjuration/Charms           5
 q - a book of Cantrips

   Spells                             Type                      Level
   a - Confusing Touch                Hexes                        1
   b - Animate Skeleton               Necromancy                   1
   c - Summon Small Mammal            Summoning                    1
   d - Apportation                    Translocation                1
Comestibles
 c - 4 bread rations
 k - 2 beef jerkies
 o - 4 meat rations
 u - 3 chunks of flesh


   Skills:
 + Level 0.4 Fighting
 + Level 2.8 Dodging
 + Level 2.5 Stealth
 + Level 6.4 Spellcasting
 * Level 8.4 Conjurations
 - Level 6.8 Charms


You had 3 spell levels left.
You knew the following spells:

 Your Spells              Type           Power        Failure   Level  Hunger
a - Magic Dart            Conj           ####         1%          1    None
b - Iskenderun's Mystic   Conj           #####...     2%          4    ###....
c - Dazzling Spray        Conj/Hex       ####..       6%          3    #......
d - Searing Ray           Conj           #####.       1%          2    None
p - Animate Skeleton      Necr           N/A          10%         1    None
z - Iskenderun's Battles  Conj/Chrm      #####...     12%         5    #####..


Dungeon Overview and Level Annotations

Branches:
Dungeon (7/15)             Temple (1/1) D:6

Altars:
Dithmenos
Elyvilon
Fedhas
Gozag
Hepliaklqana
Kikubaaqudgha
Nemelex Xobeh
Okawaru
Ru
Sif Muna
Trog
Uskayaw
Vehumet
Xom
Zin


Message History

Casting: Iskenderun's Battlesphere
Confirm with . or Enter, or press ? or * to list all spells.
Aiming: Magic Dart
Press: ? - help, Shift-Dir - straight line, f/p - centaur
Aim: a centaur, wielding a shortbow (almost dead, hasn't noticed you)
The magic dart hits the centaur.
The centaur is almost dead.
The centaur shouts!
The centaur shoots an arrow.
The arrow hits you.
Casting: Magic Dart
Confirm with . or Enter, or press ? or * to list all spells.
Aiming: Magic Dart
Press: ? - help, Shift-Dir - straight line, f/p - centaur
Aim: a centaur, wielding a shortbow (almost dead)
The magic dart hits the centaur.
The centaur is almost dead.
The centaur shoots an arrow.
The arrow hits you!
* * * LOW HITPOINT WARNING * * *
The centaur shoots an arrow.
The arrow hits you!
You die...

.# .# ############.#
..#.........#
###.#.##...#..#
#...#.#.......######
#........).)........
#
#...#.#....)c...###
#.##..#.##@..#...##
#.....#.######..##
.# ####.##.######..#
.# #.##.((..((c.# .
#.##########'# .
##.## ..# ## #...#
)..# . #...## ....#
#########....###
.....#


You could see a centaur.

Vanquished Creatures
  A water moccasin (D:6)
  2 ice beasts
  2 howler monkeys
  3 hounds
  A bullfrog skeleton (D:5)
  5 orc wizards
  3 orc priests (D:6)
  3 jellies
  2 worker ants
  A hound skeleton (D:5)
  A worker ant zombie (D:6)
  5 adders
  2 shadow imps (D:6)
  A worm (D:2)
  4 dart slugs
  5 leopard geckos
  14 orcs
  A ball python (D:3)
  5 bats
  3 giant cockroaches
  8 hobgoblins
  7 jackals
  10 kobolds
  2 quokkas
  6 frilled lizards
  11 goblins
  A leopard gecko skeleton (D:5)
  A quokka skeleton (D:5)
  7 rats
117 creatures vanquished.

Vanquished Creatures (collateral kills)
  A hound zombie (D:6)
1 creature vanquished.

Vanquished Creatures (others)
  2 fungi (D:1)
2 creatures vanquished.

Grand Total: 120 creatures vanquished

Notes
Turn   | Place    | Note
-------+----------+-------------------------------------------
     0 | D:1      | kr4n3x the Deep Elf Conjurer began the quest for the Orb.
     0 | D:1      | Reached XP level 1. HP: 10/10 MP: 6/6
   256 | D:1      | You fall through a shaft!
   278 | D:2      | Reached XP level 2. HP: 15/15 MP: 4/8
   379 | D:2      | Reached skill level 5 in Conjurations
   557 | D:1      | Reached XP level 3. HP: 19/19 MP: 8/10
   562 | D:1      | Learned a level 3 spell: Dazzling Spray
   565 | D:1      | Learned a level 2 spell: Searing Ray
  1556 | D:3      | Reached XP level 4. HP: 24/24 MP: 9/11
  1706 | D:3      | Learned a level 1 spell: Animate Skeleton
  1759 | D:3      | Reached skill level 6 in Conjurations
  1870 | D:3      | Found an opulent altar of Gozag.
  2267 | D:4      | Reached XP level 5. HP: 28/28 MP: 6/13
  2274 | D:4      | Learned a level 5 spell: Iskenderun's Battlesphere
  2349 | D:4      | Reached skill level 1 in Charms
  2461 | D:4      | Found an opulent altar of Gozag.
  2752 | D:5      | Entered Level 5 of the Dungeon
  2782 | D:5      | Reached skill level 5 in Spellcasting
  2782 | D:5      | Reached XP level 6. HP: 29/32 MP: 5/15
  2877 | D:5      | Noticed an ice beast
  2889 | D:5      | Killed an ice beast
  2889 | D:5      | Reached skill level 7 in Conjurations
  3311 | D:5      | Got a twisted scale mail
  3395 | D:5      | Identified the +5 scale mail of Omission {rPois Dex+2} (You found it on level 5 of the Dungeon)
  3421 | D:5      | Reached XP level 7. HP: 34/36 MP: 7/17
  3432 | D:5      | Learned a level 4 spell: Iskenderun's Mystic Blast
  3563 | D:6      | Reached skill level 5 in Charms
  3957 | D:6      | Found a glowing silver altar of Zin.
  4033 | D:6      | Reached skill level 8 in Conjurations
  4481 | D:6      | Reached XP level 8. HP: 41/41 MP: 10/19
  4572 | D:6      | Found a staircase to the Ecumenical Temple.
  4576 | Temple   | Entered the Ecumenical Temple
  4638 | Temple   | Became a worshipper of Vehumet
  4993 | D:7      | Shot with an arrow by a centaur

Vault maps used:
D:1:      dpeg_arrival_tiny_i, minmay_gold_behind_fungi, minmay_close_crescents
D:2:      first_bread, hangedman_decor_clover_reticule
D:3:      lemuel_doored_altar
D:4:      grunt_gozag_statues
D:6:      basic_altar
D:7:      kennysheep_orc_sif_temple, minitemple
Temple:   kb_temple_of_zot

Skill      XL: |  1  2  3  4  5  6  7 |
---------------+----------------------+-----
Conjurations   | 5 6 7 8 |  8.4
Spellcasting   | 4 5 6 |  6.4
Charms         | 2 4 6 |  6.8
Fighting       | |  0.4
Dodging        | |  2.8
Stealth        | |  2.5

Action                   |  1- 3 |  4- 6 |  7- 9 || total
-------------------------+-------+-------+-------++-------
Melee: Short sword       |     2 |     2 |     3 ||     7
 Cast: Magic Dart        |    75 |   137 |    83 ||   295
       Animate Skeleton  |       |     4 |     8 ||    12
       Dazzling Spray    |       |     4 |     1 ||     5
       Iskenderun's Batt |       |       |     7 ||     7
       Iskenderun's Myst |       |       |     1 ||     1
  Use: Scroll            |       |    17 |       ||    17
  Eat: Chunk             |     2 |     3 |     8 ||    13
       Pizza             |       |     1 |       ||     1
Armor: Robe              |     3 |    11 |     9 ||    23
       Skin              |       |     2 |       ||     2
       Scale mail        |       |     1 |       ||     1
Dodge: Dodged            |     4 |    27 |     8 ||    39
